AoeStats
← [GDL] Maldito Pantoja

Oasis

509970089Analyzed
4v4 RM · 3d ago on Sep 28, 2026· 44m 54s· 8 players
Game mode
Random Map
Map size
Large (8 player)
Population
200
Speed
Normal
Resources
Standard
Victory
Conquest
Starting age
Dark Age
Ending age
Imperial Age
RankedLock teamsTeams togetherTeam positionsShared explorationLock speedFull tech treeHidden civsTurbo modeCheats
Victory
Defeat
🇸🇪 Varangians · Sweden
1127
+17
🇲🇽 Saracens · Mexico
1122
+17
🇹🇷 Maya · Türkiye
1108
+17
🇹🇷 Lithuanians · Türkiye
1098
+18
🇨🇱 Mapuche · Chile
1172
-18
🇨🇱 Japanese · Chile
1148
-18
🇦🇷 Magyars · Argentina
1136
-17
🇺🇸 Italians · United States
1108
-16
[GDL] Maldito Pantoja
9:33 Loom
11:19 Feudal Age
16:01 Castle Age
13:49 Double-Bit Axe
16:06 Gold Mining
15:58 Horse Collar
16:09 Stone Mining
25:59 Wheelbarrow
25:52 Heavy Plow
26:34 Bow Saw
26:59 Gold Shaft Mining
30:02 Hand Cart
31:04 Bloodlines
30:54 Husbandry
35:53 Imperial Age
33:36 Forging
33:31 Scale Barding Armor
33:30 Town Watch
37:16 Conscription
37:35 Iron Casting
37:20 Chain Barding Armor
39:28 Blast Furnace
40:27 Plate Barding Armor
40:56 Elite Mameluke
42:33 Town Patrol
43:38 Two-Man Saw
45:24 Padded Archer Armor
45:15 Fletching
bitwise
10:01 Loom
11:47 Feudal Age
12:45 Man-at-Arms
13:13 Double-Bit Axe
14:28 Horse Collar
15:45 Gold Mining
17:01 Bloodlines
18:29 Forging
21:44 Stone Mining
24:52 Castle Age
23:01 Scale Barding Armor
23:54 Fletching
26:23 Bow Saw
27:07 Husbandry
28:36 Heavy Plow
31:11 Arson
34:37 Iron Casting
34:07 Gambesons
34:22 Squires
35:20 Scale Mail Armor
37:14 Stone Shaft Mining
41:31 Gambesons
41:47 Squires
42:14 Ballistics
42:05 Masonry
44:31 Imperial Age
42:25 Chain Mail Armor
Subuday Noyan
9:08 Feudal Age
16:36 Castle Age
16:10 Double-Bit Axe
16:06 Horse Collar
19:18 Bow Saw
19:42 Horse Collar
20:37 Gold Mining
21:41 Fervor
26:06 Scale Barding Armor
25:54 Stone Mining
27:10 Bloodlines
27:01 Husbandry
27:04 Loom
28:26 Stone Shaft Mining
28:09 Heavy Plow
28:21 Forging
30:50 Wheelbarrow
30:18 Husbandry
31:26 Chain Barding Armor
32:53 Iron Casting
37:00 Imperial Age
34:40 Fletching
34:51 Padded Archer Armor
36:11 Bodkin Arrow
36:32 Leather Archer Armor
37:07 Murder Holes
37:27 Cavalier
39:55 Crossbowman
41:14 Plate Barding Armor
42:08 Paladin
42:20 Paladin
Hawkozi
10:13 Feudal Age
15:28 Forging
27:29 Padded Archer Armor
29:58 Castle Age
28:21 Padded Archer Armor
30:06 Pikeman
36:15 Squires
35:55 Crossbowman
36:36 Fletching
38:14 Horse Collar
39:39 Thumb Ring
41:18 Leather Archer Armor
40:58 Bodkin Arrow
42:18 Double-Bit Axe
obi1nekinobi
11:26 Feudal Age
15:43 Castle Age
13:37 Double-Bit Axe
13:55 Horse Collar
17:00 Bow Saw
16:53 Heavy Plow
23:05 Wheelbarrow
22:24 Loom
24:28 Stone Mining
25:41 Hand Cart
25:43 Gold Mining
26:17 Fletching
29:46 Bodkin Arrow
30:26 Bloodlines
30:16 Husbandry
30:19 Padded Archer Armor
33:05 Imperial Age
31:48 Leather Archer Armor
31:07 Light Cavalry
32:20 Ballistics
31:43 Treadmill Crane
32:15 Masonry
32:50 Forging
32:48 Scale Barding Armor
32:55 Town Watch
34:31 Elite Genoese Crossbowman
35:14 Bracer
36:54 Chain Barding Armor
37:27 Hussar
Tesorito
4:56 Loom
12:12 Feudal Age
18:12 Castle Age
17:47 Wheelbarrow
17:48 Double-Bit Axe
19:05 Wheelbarrow
19:52 Horse Collar
22:23 Town Watch
23:51 Bow Saw
26:54 Scale Mail Armor
27:00 Gold Mining
27:28 Forging
28:41 Chain Mail Armor
31:06 Pikeman
32:09 Squires
39:38 Iron Casting
45:03 Imperial Age
44:18 Hand Cart
44:04 Town Patrol
matiasdaniel
6:45 Loom
10:12 Feudal Age
11:46 Champi Runner
12:29 Scale Mail Armor
17:16 Forging
16:58 Arson
22:41 Horse Collar
22:47 Double-Bit Axe
22:53 Gold Mining
22:55 Stone Mining
23:37 Town Watch
24:27 Wheelbarrow
27:35 Castle Age
26:02 Fletching
26:13 Padded Archer Armor
33:47 Bow Saw
34:20 Stone Shaft Mining
34:24 Gold Shaft Mining
JohnSalchichon
6:22 Loom
9:28 Feudal Age
9:54 Horse Collar
10:07 Double-Bit Axe
20:53 Castle Age
20:17 Bloodlines
20:48 Scale Barding Armor
21:32 Gold Mining
21:57 Husbandry
21:19 Light Cavalry
23:06 Bow Saw
22:59 Heavy Plow
25:11 Chain Barding Armor
26:36 Wheelbarrow
37:42 Imperial Age
37:51 Cavalier
38:24 Hussar
Connection lost

Rejoining the realm…

Still unreachable

The connection could not be restored.

Session expired

The server has moved on; the page needs a fresh start.